 Dungeon Crawl Stone Soup version 0.25-a0-479-g8579842 (webtiles) character file.

Game seed: 12499078170625423803, levelgen mode: deterministic

1426 15 the Ruffian (level 8, -12/79 HPs)
             Began as a Yellow Draconian Transmuter on Feb 9, 2020.
             Was an Initiate of Qazlal.
             Mangled by a red ugly thing (22 damage)
             ... on level 5 of the Dungeon.
             The game lasted 00:24:23 (5843 turns).

15 the Ruffian (Yellow Draconian Transmuter)        Turns: 5843, Time: 00:24:24

Health: -12/79     AC:  5    Str: 14    XL:     8   Next: 44%
Magic:  7/14       EV: 11    Int: 14    God:    Qazlal [......]
Gold:   321        SH:  3    Dex: 12    Spells: 1/16 levels left

rFire    x . .     SeeInvis .     - Unarmed
rCold    + + +     Gourm    .   (shield currently unavailable)
rNeg     . . .     Faith    .   (armour unavailable)
rPois    +         Spirit   .   (helmet currently unavailable)
rElec    .         Reflect  +   (cloak currently unavailable)
rCorr    .         Harm     .   (gloves currently unavailable)
MR       .....                  (boots currently unavailable)
Stlth    ++........             q - +3 amulet of reflection
HPRegen  0.23/turn              x - ring of poison resistance
MPRegen  0.14/turn              (no ring)

@: ice-form, flying, very slightly contaminated
A: large, (spit acid), unfitting armour, evolution 1, AC +6
a: End Transformation, Renounce Religion


You were on level 5 of the Dungeon.
You worshipped Qazlal.
Qazlal was noncommittal.
You were near starving.
You were a creature of crystalline ice.
You visited 2 branches of the dungeon, and saw 7 of its levels.
You also visited: Sewer.

You collected 321 gold pieces.

Inventory:

Missiles
 a - 99 arrows
Jewellery
 e - an uncursed amulet of the acrobat
 q - a +3 amulet of reflection (around neck)
 r - an uncursed amulet of magic regeneration
 s - an uncursed amulet of the gourmand
 x - a ring of poison resistance (left front paw)
Wands
 d - a wand of clouds (4)
Scrolls
 b - 4 scrolls of remove curse
 f - 2 scrolls of blinking
 i - a scroll of enchant armour
 k - 3 scrolls of teleportation
 p - a scroll of silence {unknown}
 u - a scroll of fear
 v - a scroll of magic mapping {unknown}
Potions
 g - 3 potions of haste
 h - 3 potions of curing
 j - 2 potions of heal wounds
 l - a potion of agility
 m - 2 potions of lignification
 n - a potion of invisibility {unknown}
 o - a potion of brilliance {unknown}
 w - a potion of degeneration {unknown}
Comestibles
 c - 13 rations


   Skills:
 * Level 4.3 Fighting
 * Level 4.5 Dodging
 + Level 1.6 Stealth
 + Level 6.1 Unarmed Combat
 * Level 4.6 Spellcasting
 * Level 4.2 Transmutations
 * Level 1.3 Ice Magic
 + Level 0.1 Poison Magic
 + Level 0.2 Evocations


You had one spell level left.
You knew the following spells:

 Your Spells              Type           Power        Failure   Level  Hunger
a - Beastly Appendage     Tmut           ###...       3%          1    None
b - Sticks to Snakes      Tmut           ###.....     4%          2    ##.....
c - Spider Form           Tmut/Pois      #.........   22%         3    ###....
d - Ice Form              Ice/Tmut       ##......     50%         4    ####...
e - Blade Hands           Tmut           ###.......   65%         5    ######.

Your spell library contained the following spells:

 Spells                   Type           Power        Failure   Level  Hunger


Dungeon Overview and Level Annotations

Branches:
Dungeon (6/15)             Temple (1/1) D:5           Sewer (visited)

Altars:
Cheibriados
Dithmenos
Elyvilon
Fedhas
Gozag
Hepliaklqana
Kikubaaqudgha
Makhleb
Nemelex Xobeh
Okawaru
Qazlal
Sif Muna
Vehumet
Wu Jian
Xom
Yredelemnul


Innate Abilities, Weirdness & Mutations

((You can spit globs of acid.))
((Your golden yellow scales are hard. (AC +6)))
You cannot fit into any form of body armour.
((You are cold-blooded and may be slowed by cold attacks.))
((You are resistant to acid. (rCorr)))
((Your large and strong wings let you fly indefinitely.))
You evolve.


Message History

The purple ugly thing is moderately wounded.
The purple ugly thing claws you!
You barely miss the purple ugly thing.
The purple ugly thing is moderately wounded.
The purple ugly thing basks in your mutagenic energy and changes!
You barely miss the red ugly thing.
The red ugly thing is moderately wounded.
You punch the red ugly thing! You freeze the red ugly thing.
The red ugly thing is heavily wounded.
You pummel the red ugly thing!! You freeze the red ugly thing.
The red ugly thing is almost dead.
The red ugly thing tentacle-slaps you.
You are engulfed in flames!!
The fire burns you terribly!
* * * LOW HITPOINT WARNING * * *
You punch the red ugly thing! You freeze the red ugly thing.
The red ugly thing is almost dead.
The red ugly thing tentacle-slaps you!
* * * LOW HITPOINT WARNING * * *
You are engulfed in flames!!
The fire burns you terribly!
You die...

##..........#.....##.........#..
##............#######..#.######..
...............####.........<....
#................(..##..........#
####................##..........#
...#..................<.........#
##.#..............>.#............
.#.#............#.###............
.#.#...........uY.....#.........#
.....#.##....#..#.#.###.###......
..#.......####....#.....# #....##
..#.......##.........######.#..##
..#.[..........#.#.### #........
###.##...#...#.#.#.# #........
....##.....###.#.#.# ##........
.......##### #.#.#.# ###....#....
######## ###.#.#.###...#.##.#.#


You could see a red ugly thing.

Vanquished Creatures
  Grinder (D:4)
  2 orc warriors
  A sky beast (D:3)
  2 bullfrogs (D:6)
  A scorpion (D:4)
  2 hounds
  5 orc wizards
  3 orc priests
  3 jellies
  An iguana (D:4)
  5 worker ants
  A howler monkey skeleton (D:4)
  A gnoll (D:1)
  2 river rats (Sewer)
  8 adders
  2 shadow imps (D:6)
  4 oozes
  6 worms
  2 dart slugs
  2 leopard geckos (D:5)
  16 orcs
  5 ball pythons
  9 giant cockroaches
  7 goblins
  8 hobgoblins
  5 jackals
  2 quokkas
  3 bats
  2 frilled lizards (D:2)
  17 kobolds
  A leopard gecko zombie (D:6)
  5 rats
134 creatures vanquished.

Vanquished Creatures (collateral kills)
  A hobgoblin (D:2)
1 creature vanquished.

Vanquished Creatures (others)
  A goblin (D:3)
1 creature vanquished.

Grand Total: 136 creatures vanquished

Notes
Turn   | Place    | Note
-------+----------+-------------------------------------------
     0 | D:1      | 15 the Draconian Transmuter began the quest for the Orb.
     0 | D:1      | Reached XP level 1. HP: 16/16 MP: 3/3
   149 | D:1      | Reached XP level 2. HP: 23/23 MP: 5/5
   253 | D:1      | Learned a level 2 spell: Sticks to Snakes
   683 | D:1      | Reached XP level 3. HP: 29/29 MP: 6/6
   933 | D:2      | Learned a level 3 spell: Spider Form
  1575 | D:3      | Reached XP level 4. HP: 31/36 MP: 5/8
  1628 | D:3      | Gained mutation: Scrolls take you a little longer to read.
                  | [potion of mutation]
  1628 | D:3      | Gained mutation: Your mind is acute. (Int +2) [potion of
                  | mutation]
  1628 | D:3      | Gained mutation: You have a pair of small horns on your
                  | head. [potion of mutation]
  1631 | D:3      | Reached XP level 5. HP: 10/41 MP: 9/9
  1882 | D:3      | Reached skill level 4 in Unarmed Combat
  1949 | D:3      | Learned a level 4 spell: Ice Form
  2026 | D:3      | Noticed a sky beast
  2042 | D:3      | Killed a sky beast
  2042 | D:3      | Reached XP level 6. HP: 13/50 MP: 7/10
  2273 | D:3      | Found a faded altar of an unknown god.
  2739 | D:4      | Found an iron altar of Okawaru.
  2794 | D:4      | Noticed an orc warrior
  2821 | D:4      | Killed an orc warrior
  2821 | D:4      | Reached skill level 1 in Stealth
  3067 | D:4      | Your scales start taking on a golden yellow colour.
  3067 | D:4      | Reached XP level 7. HP: 49/57 MP: 10/12
  3067 | D:4      | Gained mutation: You are resistant to acid. (rCorr) [Yellow
                  | Draconian growth]
  3135 | D:4      | Found a burning altar of Makhleb.
  3336 | D:4      | Found a blossoming altar of Fedhas.
  3346 | D:4      | Noticed Grinder
  3366 | D:4      | Killed Grinder
  3366 | D:4      | Reached skill level 5 in Unarmed Combat
  3686 | D:5      | Entered Level 5 of the Dungeon
  3827 | D:5      | Found a glowing drain.
  3842 | Sewer    | Entered a sewer
  4359 | Sewer    | Lost mutation: You have a pair of small horns on your head.
                  | [potion of mutation]
  4359 | Sewer    | Lost mutation: Your mind is acute. (Int +2) [potion of
                  | mutation]
  4359 | Sewer    | Lost mutation: Scrolls take you a little longer to read.
                  | [potion of mutation]
  4359 | Sewer    | Gained mutation: Your spells are a little easier to cast,
                  | but a little less powerful. [potion of mutation]
  4359 | Sewer    | Gained mutation: Your muscles are strong. (Str +2) [potion
                  | of mutation]
  4359 | Sewer    | Gained mutation: You are robust. (+10% HP) [potion of
                  | mutation]
  4359 | Sewer    | Gained mutation: You have large cloven feet. [potion of
                  | mutation]
  4360 | Sewer    | Lost mutation: Your spells are a little easier to cast, but
                  | a little less powerful. [potion of mutation]
  4360 | Sewer    | Lost mutation: You have large cloven feet. [potion of
                  | mutation]
  4360 | Sewer    | Lost mutation: Your muscles are strong. (Str +2) [potion of
                  | mutation]
  4360 | Sewer    | Lost mutation: You are robust. (+10% HP) [potion of
                  | mutation]
  4360 | Sewer    | Gained mutation: You evolve. [potion of mutation]
  4360 | Sewer    | Gained mutation: Your large and strong wings let you fly
                  | indefinitely. [potion of mutation]
  4491 | D:5      | Reached XP level 8. HP: 61/66 MP: 9/14
  4736 | D:5      | Found a staircase to the Ecumenical Temple.
  4744 | Temple   | Entered the Ecumenical Temple
  4853 | Temple   | Became a worshipper of Qazlal Stormbringer
  4907 | D:5      | Found a hazy altar of Hepliaklqana.
  4975 | D:6      | Noticed a purple ugly thing
  5039 | D:6      | Learned a level 5 spell: Blade Hands
  5250 | D:6      | Reached skill level 6 in Unarmed Combat
  5273 | D:6      | Reached skill level 1 in Ice Magic
  5843 | D:5      | Mangled by a red ugly thing

Levels and vault maps discovered:
D:1:      dpeg_arrival_three_same_balls, layout_basic
D:2:      layout_basic, serial_bayou, serial_bayou_lake_a,
          serial_bayou_lagoon_a, serial_bayou_ford_a, serial_bayou_pond_d,
          hangedman_decor_opposing, palyth_stone_intersect
D:3:      layout_loops_ring, chequers_ecumenical_altar_island,
          supply_closet_lemuel, hangedman_feature_mirror, minmay_fountain_box,
          chequers_arboretum
D:4:      layout_gridville, fedhas_altar_3, bloody_makhleb, okawaru_gym_becter,
          uniq_grinder
D:5:      layout_rooms, nicolae_overflow_crystal_walls,
          minmay_temple_entry_glassed_door, gup_sewer_entry_pipe, first_ration
D:6:      layout_basic, minitemple
Temple:   dshaligram_water_room_temple

Skill      XL: |  1  2  3  4  5  6  7  8 |
---------------+-------------------------+-----
Dodging        | 2 3 4 |  4.5
Fighting       | 2 3 4 |  4.3
Spellcasting   | 3 4 |  4.6
Unarmed Combat | 4 5 6 |  6.1
Transmutations | 3 4 |  4.2
Stealth        | 1 |  1.6
Ice Magic      | 1 |  1.3
Poison Magic   | |  0.1
Evocations     | |  0.2

Action                   |  1- 3 |  4- 6 |  7- 9 || total
-------------------------+-------+-------+-------++-------
Melee: Unarmed           |   124 |   134 |   302 ||   560
       Tailslap          |    12 |    16 |    21 ||    49
       Punch             |     1 |       |     3 ||     4
       Kick              |     9 |    15 |    21 ||    45
       Headbutt          |     2 |    20 |    16 ||    38
 Cast: Beastly Appendage |     6 |     8 |    15 ||    29
       Sticks to Snakes  |     5 |       |     5 ||    10
       Spider Form       |       |     1 |     1 ||     2
       Ice Form          |       |       |     2 ||     2
 Abil: Breathe Acid      |       |       |    11 ||    11
       Fly               |       |       |     1 ||     1
Evoke: Wand              |       |     2 |       ||     2
  Use: Scroll            |     4 |       |     6 ||    10
       Potion            |       |     6 |     3 ||     9
 Stab: Sleeping          |     2 |     1 |     1 ||     4
  Eat: Chunk             |     3 |     5 |    11 ||    19
Armor: Skin              |    40 |    23 |    74 ||   137
Dodge: Dodged            |    94 |   108 |   160 ||   362
Block: Other             |       |       |    10 ||    10

Table legend:
 A = Non-vault XP
 B = Vault XP
 C = Vault XP percentage of total XP
 D = Non-vault monster count
 E = Vault monster count
 F = Vault count percentage of total count
                 A         B        C        D         E       F
            +---------+---------+-------+---------+---------+-------
      Total |    1676 |     362 |  17.8 |     104 |      31 |  23.0
            +---------+---------+-------+---------+---------+-------
        D:1 |      47 |       0 |   0.0 |      19 |       0 |   0.0
        D:2 |      31 |       0 |   0.0 |      12 |       0 |   0.0
        D:3 |     387 |       0 |   0.0 |      29 |       0 |   0.0
        D:4 |     456 |     236 |  34.1 |      21 |       1 |   4.5
        D:5 |     212 |      12 |   5.4 |       9 |       5 |  35.7
        D:6 |     543 |       0 |   0.0 |      14 |       0 |   0.0
      Sewer |       0 |     114 | 100.0 |       0 |      25 | 100.0
            +---------+---------+-------+---------+---------+-------
